 Dungeon Crawl Stone Soup version 0.20.1-1-g8b1a95d (webtiles) character file.

491 Internecine the Bolt Thrower (level 7, -4/51 HPs)
             Began as a Merfolk Arcane Marksman on Sept 29, 2017.
             Was an Initiate of Okawaru.
             Killed by divine providence
             ... invoked by an orc priest
              (16 damage)
             ... on level 5 of the Dungeon.
             The game lasted 00:48:13 (5005 turns).

Internecine the Bolt Thrower (MfAM)                 Turns: 5005, Time: 00:48:14

Health: -4/51      AC: 10    Str: 13    XL:     7   Next: 14%
Magic:  8/8        EV: 12    Int: 13    God:    Okawaru [......]
Gold:   206        SH:  3    Dex: 16    Spells: 7/8 levels left

rFire    . . .     SeeInvis .   V - +0 war axe (chop)
rCold    . . .     Gourm    .   K - +0 buckler
rNeg     + . .     Faith    .   w - +0 scale mail
rPois    .         Spirit   .   l - +0 helmet
rElec    .         Reflect  .   (no cloak)
rCorr    .         Harm     .   y - +2 pair of gloves {Str+3}
MR       .....                  (no boots)
Stlth    ..........             (no amulet)
Regen    0.2/turn               s - ring of positive energy
MPRegen  0.2/turn               J - +2 ring of evasion

@: no status effects
A: change form in water, swift swim, stealthy swim
a: Renounce Religion


You were on level 5 of the Dungeon.
You worshipped Okawaru.
Okawaru was noncommittal.
You were not hungry.

You visited 1 branch of the dungeon, and saw 5 of its levels.

You collected 206 gold pieces.

Inventory:

Hand Weapons
 a - a +0 hand crossbow
 d - a +0 scythe of protection
 e - a +0 flail
 A - a +0 spear
 F - a +0 hunting sling
 P - a +0 blowgun
 T - a +1 dagger of holy wrath
 V - a +0 war axe of chopping (weapon)
Missiles
 h - 53 arrows
 n - 51 stones (quivered)
 M - a throwing net
 Q - 10 poisoned needles
 R - 4 bolts
Armour
 l - a +0 helmet (worn)
 t - a +0 leather armour
 v - a +0 chain mail
 w - a +0 scale mail (worn)
 y - a +2 pair of gloves of strength (worn)
 K - a +0 buckler (worn)
 L - a +0 plate armour
Jewellery
 s - a ring of positive energy (left hand)
 D - an uncursed ring of resist corrosion
 J - a +2 ring of evasion (right hand)
Wands
 j - a wand of iceblast (0/15)
Scrolls
 b - 2 scrolls of recharging
 m - 2 scrolls of identify
 u - a scroll of fear {unknown}
 G - a scroll of enchant armour {unknown}
 I - a scroll of teleportation {unknown}
 W - 2 scrolls of remove curse {unknown}
Potions
 i - 2 potions of curing {unknown}
 o - a potion of might {unknown}
 p - a potion of brilliance {unknown}
 r - a potion of ambrosia {unknown}
 x - a potion of flight {unknown}
 z - 3 potions of haste
 N - a potion of heal wounds {unknown}
Books
 c - a book of Debilitation

   Spells                             Type                      Level
   a - Corona                         Hexes                        1
   b - Slow                           Hexes                        2
   c - Inner Flame                    Hexes/Fire                   3
   d - Portal Projectile              Hexes/Translocation          3
   e - Cause Fear                     Hexes                        4
   f - Leda's Liquefaction            Hexes/Earth                  4
Comestibles
 f - 5 bread rations
 g - 4 fruits
 q - a chunk of flesh
 C - a meat ration


   Skills:
 + Level 2.6 Fighting
 + Level 1.9 Short Blades
 + Level 1.1 Axes
 + Level 1.4(1.6) Slings
 + Level 3.9 Crossbows
 + Level 1.2(1.7) Throwing
 + Level 1.6 Armour
 + Level 3.5 Dodging
 + Level 0.5 Stealth
 + Level 1.0 Spellcasting
 + Level 3.3 Hexes


You had 7 spell levels left.
You knew the following spells:

 Your Spells              Type           Power        Failure   Level  Hunger
a - Corona                Hex            #......      50%         1    ##.....


Dungeon Overview and Level Annotations

Branches:
Dungeon (5/15)
 Temple: D:4-7

Altars:
Fedhas
Okawaru
Ru
Trog

Shops:
D:4 }

Annotations:
D:2 exclusion: oklob plant


Message History

The stone closely misses the orc priest.
The orc priest hits you but does no damage.
The orc priest mumbles some strange prayers to Beogh against you.
You struggle to resist.
You closely miss the orc priest.
The orc priest is almost dead.
The orc priest hits you with a trident.
* * * LOW HITPOINT WARNING * * *
The orc priest hits you but does no damage.
You closely miss the orc priest.
The orc priest is almost dead.
The orc priest calls down the wrath of Beogh upon you.
Pain shoots through your body!
* * * LOW HITPOINT WARNING * * *
You closely miss the orc priest.
The orc priest is almost dead.
The orc priest misses you.
The orc priest mumbles some strange prayers to Beogh against you.
Beogh smites you!
You die...

# ........ .#
......## ### #.
......####.####
#.#
.............##..#
.......# #......##
.....# #......#
#...# #..# ##
##<.# #.@# #.
#...# #.o#
#.###..##
#.)###### #.....##
#.....o.####
#....######
##........(#
#....###..#
#(...[.......
#.........##
##...%o......
...........##
##.######...
..########..## #.#
..


You could see an orc priest.

Vanquished Creatures
  Sigmund (D:3)
  A bullfrog (D:4)
  A scorpion (D:4)
  A crimson imp (D:5)
  An orc wizard (D:5)
  6 adders
  An adder skeleton (D:4)
  3 worms
  4 dart slugs
  4 leopard geckos
  9 orcs
  5 bats
  9 giant cockroaches
  3 goblins
  7 hobgoblins
  7 kobolds
  A quokka (D:4)
  7 frilled lizards
  A leopard gecko zombie (D:5)
  A quokka skeleton (D:4)
  4 rats
77 creatures vanquished.

Vanquished Creatures (others)
  14 toadstools (D:2)
14 creatures vanquished.

Grand Total: 91 creatures vanquished

Notes
Turn   | Place    | Note
-------+----------+-------------------------------------------
     0 | D:1      | Internecine the Merfolk Arcane Marksman began the quest for the Orb.
     0 | D:1      | Reached XP level 1. HP: 15/15 MP: 2/2
   288 | D:1      | Reached XP level 2. HP: 16/21 MP: 3/3
   883 | D:2      | Reached XP level 3. HP: 26/26 MP: 4/4
  1017 | D:2      | Found a blossoming altar of Fedhas.
  1028 | D:2      | Noticed an oklob plant
  2161 | D:3      | Reached XP level 4. HP: 33/33 MP: 5/5
  2169 | D:3      | Found a sacrificial altar of Ru.
  2579 | D:3      | Reached skill level 1 in Short Blades
  2612 | D:3      | Noticed Sigmund
  2636 | D:3      | Killed Sigmund
  2636 | D:3      | Reached skill level 1 in Armour
  2636 | D:3      | Reached XP level 5. HP: 16/39 MP: 4/6
  2636 | D:3      | Reached XP level 6. HP: 19/45 MP: 4/7
  3515 | D:3      | Found a bloodstained altar of Trog.
  3670 | D:4      | Found Rarch's Gadget Shop.
  4016 | D:4      | Reached skill level 1 in Slings
  4301 | D:4      | Reached skill level 1 in Axes
  4583 | D:5      | Entered Level 5 of the Dungeon
  4629 | D:5      | Reached skill level 1 in Throwing
  4860 | D:5      | Found an iron altar of Okawaru.
  4877 | D:5      | Became a worshipper of Warmaster Okawaru
  4989 | D:5      | Reached XP level 7. HP: 36/51 MP: 8/8
  5005 | D:5      | Killed from afar by an orc priest

Skill      XL: |  1  2  3  4  5  6 |
---------------+-------------------+-----
Crossbows      | 2 3 |  3.9
Dodging        | 3 |  3.5
Short Blades   | 1 |  1.9
Fighting       | 2 |  2.6
Armour         | 1 |  1.6
Slings         | 1 |  1.4
Axes           | 1 |  1.1
Throwing       | 1 |  1.2
Stealth        | |  0.5
Spellcasting   | |  1.0
Hexes          | |  3.3

Action                   |  1- 3 |  4- 6 |  7- 9 || total
-------------------------+-------+-------+-------++-------
Melee: Short sword       |    36 |    15 |       ||    51
       War axe           |       |    39 |     3 ||    42
       Dagger            |       |    34 |       ||    34
 Fire: Hand crossbow     |   101 |    35 |       ||   136
       Hunting sling     |       |    45 |       ||    45
       Blowgun           |       |     5 |       ||     5
Throw: Stone             |       |    25 |     1 ||    26
 Cast: Corona            |       |     1 |       ||     1
Evoke: Wand              |       |       |     4 ||     4
  Use: Scroll            |       |     3 |       ||     3
  Eat: Chunk             |     3 |     5 |       ||     8
       Meat ration       |       |     1 |       ||     1
Armor: Robe              |    10 |       |       ||    10
       Ring mail         |    20 |     8 |       ||    28
       Scale mail        |       |    28 |     2 ||    30
Dodge: Dodged            |    65 |    91 |     2 ||   158
Block: Buckler           |       |    13 |       ||    13
